 Dungeon Crawl Stone Soup version 0.31-a0-507-gbafd7f5274 (webtiles) character file.

Game seed: 18265455695073203044

70 pascalblue the Conjurer (level 4, -9/24 HPs)
             Began as a Deep Elf Conjurer on Aug 9, 2023.
             Engulfed by a cloud of flame (14 damage)
             ... on level 2 of the Dungeon.
             The game lasted 00:03:52 (1794 turns).

pascalblue the Conjurer (Deep Elf Conjurer)         Turns: 1794, Time: 00:03:53

Health: -9/24      AC:  2    Str:  4    XL:     4   Next: 4%
Magic:  12/12      EV: 12    Int: 25    God:
Gold:   39         SH:  0    Dex: 13    Spells: 8/11 levels left

rFire   + . .        j - +0 short sword
rCold   . . .        (no shield)
rNeg    . . .        a - +0 robe
rPois   .            (no helmet)
rElec   .            (no cloak)
rCorr   .            (no gloves)
SInv    .            (no boots)
Will    .....        (no amulet)
Stlth   ++           f - ring of protection from fire
HPRegen 0.24/turn    (no ring)
MPRegen 0.13/turn

%: no passive effects
@: no status effects
A: no striking features
a: no special abilities


You were on level 2 of the Dungeon.
You visited 1 branch of the dungeon, and saw 2 of its levels.

You collected 39 gold pieces.

Inventory:

Hand Weapons
 j - a +0 short sword (weapon)
Armour
 a - a +0 robe (worn)
Jewellery
 f - a ring of protection from fire (left hand)
Scrolls
 d - a scroll of blinking
Potions
 b - 2 potions of magic
 c - 2 potions of curing
 h - 2 potions of haste


   Skills:
 - Level 2.5 Dodging
 - Level 2.5 Stealth
 + Level 4.0 Spellcasting
 * Level 5.6 Conjurations


You had 8 spell levels left.
You knew the following spells:

 Your Spells              Type           Power      Damage    Failure   Level
a - Magic Dart            Conj           100%       1d8       1%          1
b - Searing Ray           Conj           66%        2d6       1%          2

Your spell library contained the following spells:

 Spells                   Type           Power      Damage    Failure   Level
 Dazzling Flash           Conj/Hex       38%        N/A       9%          3
 Lesser Beckoning         Tloc           10%        N/A       14%         2
 Gell's Gravitas          Tloc           5%         N/A       26%         3
 Teleport Other           Tloc           5%         N/A       26%         3
 Fulminant Prism          Conj/Hex       9%         3d7       28%         4
 Iskenderun's Mystic Bla  Conj/Tloc      19%        2d6       28%         4


Dungeon Overview and Level Annotations

Branches:
Dungeon (2/15)

Altars:


Message History

A bat comes into view.
Casting: Magic Dart (safe; 1% risk of failure)
Confirm with . or Enter, or press ? or * to list all spells.
Aiming: Magic Dart (safe; 1% risk of failure)
Press: ? - help, Shift-Dir - straight line, f - bat
Aim: a bat (asleep, 100% to hit)
The magic dart hits the bat.
You kill the bat!
You see here a bat corpse.
You see here a bat corpse.
Found a short sword.
A quokka comes into view.
The quokka is engulfed in blazing flames.
The quokka dies!
Found a hand axe.
A hobgoblin comes into view.
The hobgoblin shouts!
Casting: Magic Dart (safe; 1% risk of failure)
Confirm with . or Enter, or press ? or * to list all spells.
Aiming: Magic Dart (safe; 1% risk of failure)
Press: ? - help, Shift-Dir - straight line, f - hobgoblin
Aim: a hobgoblin (100% to hit)
The magic dart hits the hobgoblin!
You kill the hobgoblin!
Casting: Magic Dart (safe; 1% risk of failure)
Confirm with . or Enter, or press ? or * to list all spells.
You don't know that spell.
d - a scroll of blinking
Found 2 javelins.
There is a stone staircase leading down here.
Okay, then.
Found a flail.
You start waiting.
Done waiting.
You are engulfed in blazing flames.
You resist.
You are engulfed in blazing flames.
You resist.
* * * LOW HITPOINT WARNING * * *
You are engulfed in blazing flames.
You resist.
Ouch! That really hurt!
You die...

####.### #.#.......#..##..###...
#.# #...########.###.#.†(.. #.#
#.†## ####..##.#.##.. #†###
#..#### #####......##.# #...#
##.†...## ####<...#.#
###.###...##..## #.......#.#
#....#####...# #.........#
##...# #°§§# #......#... #...#
#☼@○# #........#. ######...#
#§☼○# ##..#......
#........#####...#****#....####.
#.........○☼§..)..,,,,......,,,,
#.........°§§.$....,,.......#,,,
#.......>.☼§○.($).○§,,,,,,,,,,*,
#........#####...####*,,,,,,***,
#........# #§..# *,,,,,,,,,,
#......### *,,.# ***,,,*****


There were no monsters in sight!

Vanquished Creatures
  2 adders (D:2)
  A worm (D:2)
  6 ball pythons
  3 endoplasms
  2 giant cockroaches (D:1)
  6 goblins (D:1)
  11 hobgoblins
  2 quokkas (D:1)
  4 bats
  3 frilled lizards
  3 kobolds
  3 rats (D:1)
46 creatures vanquished.

Vanquished Creatures (others)
  A quokka (D:2)
1 creature vanquished.

Grand Total: 47 creatures vanquished

Notes
Turn   | Place    | Note
-------+----------+-------------------------------------------
     0 | D:1      | pascalblue the Deep Elf Conjurer began the quest for the
                  | Orb.
     0 | D:1      | Reached XP level 1. HP: 10/10 MP: 6/6
   236 | D:1      | Reached XP level 2. HP: 15/15 MP: 5/8
   608 | D:1      | Learned a level 2 spell: Searing Ray
   672 | D:1      | Reached skill level 5 in Conjurations
   864 | D:1      | Reached XP level 3. HP: 19/19 MP: 3/10
  1584 | D:2      | Reached XP level 4. HP: 24/24 MP: 10/12
  1794 | D:2      | Engulfed by a cloud of flame

Illustrated notes

Levels and vault maps discovered:
D:1:      eino_arrival_cavern_c, layout_loops_corners, minmay_split_cup_large
D:2:      layout_rooms, serial_shops, shop, lemuel_flame_loot_1

Skill      XL: |  1  2  3 |
---------------+----------+-----
Conjurations   | 5 |  5.6
Spellcasting   | 4 |  4.0
Dodging        | |  2.5
Stealth        | |  2.5

Action                     |  1- 3 |  4- 6 || total
---------------------------+-------+-------++-------
   Cast: Magic Dart        |    72 |     2 ||    74
         Searing Ray       |     1 |       ||     1
    Use: Scroll            |     5 |       ||     5
 Armour: Robe              |     1 |       ||     1
  Dodge: Dodged            |     2 |       ||     2

Table legend: (Time is in decaauts)
 A = Elapsed time spent in this place.
 B = Non-inter-level travel time spent in this place.
 C = Inter-level travel time spent in this place.
 D = Time resting spent in this place.
 E = Time spent auto-exploring this place.
 F = Levels seen in this place.
 G = Mean time per level.
                   A        B        C        D        E       F      G
               +--------+--------+--------+--------+--------+-----+--------+
         Total |   1792 |   1773 |     19 |    100 |   1504 |   2 |  896.0 |
       Dungeon |   1792 |   1773 |     19 |    100 |   1504 |   2 |  896.0 |
               +--------+--------+--------+--------+--------+-----+--------+

Top non-repeatable levels by time:
     D:1: 1271 daAuts
     D:2: 521 daAuts
